Map: Abyssal Reef LE

Players

eXile - Winner!

  • Race: Zerg Zerg
  • League: Platinum
  • Spawn Location: 11:00

GrosMou

  • Race: Protoss Protoss
  • League: Platinum
  • Spawn Location: 5:00

VOD

Have the link to the VOD?

Description

Time

  • Played on: June 5, 2017, 8:37 p.m.
  • Length: 14:19
Show
View Real Time Build Order
Export as new Build Order

eXile Zerg - Winner!

Build Orders: Hatch First 

Get SALT Encoding   

  12  0:01  Drone  
  13  0:16  Overlord  
  13  0:18  Drone  
  14  0:35  Drone x2  
  16  0:39  Drone  
  17  0:55  Hatchery  
  16  0:58  Drone  
  16  1:00  Extractor  
  16  1:03  Drone  
  17  1:18  Spawning Pool  
  17  1:24  Drone x2  
  18  1:57  Evolution Chamber  
  17  2:13  Metabolic Boost  
  17  2:14  Queen  
  19  2:21  Roach Warren  
  19  2:30  Drone x3  
  21  2:37  Extractor  
  20  2:46  Zerg Missile Weapons Level 1  
  20  3:05  Queen  
  22  3:10  Overlord  
  22  3:28  Overlord  
  22  3:29  Roach  
  24  3:37  Roach  
  24  3:40  Pneumatized Carapace  
  26  3:46  Roach x2  
  30  3:51  Roach  
  32  3:58  Roach  
  34  4:19  Ravager  
  34  4:20  Ravager  
  28  5:03  Roach  
  28  5:04  Roach x4  
  37  5:07  Roach  
  37  5:08  Overlord  
  37  5:20  Zerg Ground Armor Level 1  
  37  5:23  Hatchery  
  36  5:29  Roach x2  
  40  5:54  Roach x3  
  46  6:07  Overlord x2  
  40  6:33  Roach x4  
  40  6:38  Ravager  
  49  6:41  Ravager  
  50  7:09  Roach x5  
  60  7:29  Ravager x2  
  62  7:30  Ravager  
  58  8:00  Roach  
  58  8:01  Roach x4  
  66  8:28  Ravager x2  
  66  8:32  Queen  
  65  9:00  Ravager  
  66  9:07  Spawning Pool  
  65  9:13  Extractor  
  57  10:41  Spawning Pool  
  33  11:29  Hatchery  
  32  11:37  Spore Crawler  
  31  11:40  Queen, Spore Crawler  
  29  12:02  Spore Crawler  
  29  12:06  Spore Crawler  
  29  12:16  Drone  
  29  12:17  Drone x5  
  29  12:21  Queen  
  35  13:22  Zergling x6  
  35  13:23  Zergling x8  
  42  13:28  Drone x2  
  44  13:56  Zergling x4  
  44  13:57  Zergling x4  
Show
View Real Time Build Order
Export as new Build Order

GrosMou Protoss 

Build Orders: Cannon Rush 

Get SALT Encoding   

  12  0:01  Probe (Chrono Boost)  
  13  0:12  Probe (Chrono Boost)  
  14  0:20  Pylon  
  14  0:24  Probe (Chrono Boost)  
  15  0:38  Probe (Chrono Boost)  
  16  0:43  Forge  
  16  0:49  Probe (Chrono Boost)  
  17  0:50  Assimilator  
  17  0:59  Assimilator, Probe (Chrono Boost)  
  18  1:10  Probe (Chrono Boost)  
  19  1:13  Pylon  
  19  1:23  Probe (Chrono Boost)  
  20  1:32  Photon Cannon  
  20  1:37  Photon Cannon  
  20  1:52  Photon Cannon  
  19  2:22  Nexus  
  19  2:30  Probe (Chrono Boost)  
  20  2:40  Probe (Chrono Boost)  
  22  2:51  Probe (Chrono Boost)  
  22  2:56  Photon Cannon  
  22  2:57  Photon Cannon  
  22  3:00  Pylon  
  22  3:10  Probe (Chrono Boost)  
  23  3:20  Probe (Chrono Boost)  
  24  3:30  Pylon  
  24  3:34  Probe (Chrono Boost)  
  24  3:36  Gateway  
  25  3:45  Probe (Chrono Boost)  
  26  3:55  Pylon  
  26  3:56  Probe (Chrono Boost)  
  27  4:03  Assimilator  
  27  4:06  Probe (Chrono Boost)  
  28  4:17  Photon Cannon, Probe (Chrono Boost)  
  29  4:26  Cybernetics Core  
  29  4:27  Probe (Chrono Boost)  
  32  4:38  Probe (Chrono Boost)  
  31  5:01  Photon Cannon  
  31  5:12  Pylon  
  31  5:18  Mothership Core (Chrono Boost)  
  33  5:24  Pylon  
  33  5:36  Photon Cannon  
  33  5:39  Photon Cannon  
  33  5:56  Pylon  
  33  6:00  Stargate  
  33  6:02  Stargate  
  33  6:05  Stargate  
  33  6:42  Photon Cannon x2  
  33  6:44  Photon Cannon  
  25  7:12  Void Ray x3  
  35  7:55  Void Ray x2  
  43  8:03  Nexus  
  30  9:00  Void Ray x3  
  22  10:08  Void Ray  
  22  10:13  Pylon  
  26  10:48  Forge  
  21  11:36  Void Ray  
  17  12:10  Probe (Chrono Boost)  
  18  12:20  Probe (Chrono Boost)  
  19  12:31  Probe (Chrono Boost)  
  13  13:20  Probe (Chrono Boost)  
  13  13:29  Assimilator  
  13  13:39  Pylon  
  13  13:50  Pylon  
Tags
 
Add a new tag
Caveats
  • Supply blocks, unpowered buildings, or Contaminate may cause inaccurate times.
  • Supply counts are checked every 10 seconds.